AoeStats
← Python 1.2.20

Black Forest

507971655Analyzed
4v4 RM · 12d ago on Sep 20, 2026· 82m 43s· 8 players
Game mode
Random Map
Map size
Large (8 player)
Population
200
Speed
Normal
Resources
Standard
Victory
Conquest
Starting age
Dark Age
Ending age
Imperial Age
RankedLock teamsTeams togetherTeam positionsShared explorationLock speedFull tech treeHidden civsTurbo modeCheats
Victory
Defeat
🇹🇼 Bengalis · Taiwan
1722
+10
🇹🇼 Maya · Taiwan
1694
+11
🇹🇼 Bulgarians · Taiwan
1522
+17
🇹🇼 Teutons · Taiwan
1448
+21
🇩🇪 Ethiopians · Germany
1663
-19
🇧🇪 Portuguese · Belgium
1570
-15
🇹🇼 Koreans · Taiwan
1554
-14
🇩🇰 Britons · Denmark
1464
-11
joosephy
0:58 Loom
16:43 Feudal Age
20:20 Castle Age
19:20 Double-Bit Axe
19:48 Town Watch
20:06 Horse Collar
20:28 Stone Mining
32:45 Ballistics
32:31 Fletching
35:01 Gold Mining
35:35 Treadmill Crane
37:52 Wheelbarrow
40:34 Imperial Age
39:28 Stone Shaft Mining
39:39 Bodkin Arrow
39:56 Masonry
39:53 Eupseong
41:05 Hand Cart
41:17 Bracer
42:08 Conscription
42:50 Chemistry
42:41 Architecture
43:37 Arrowslits
44:32 Scale Barding Armor
44:27 Scale Mail Armor
44:39 Forging
49:28 Fortified Wall
53:33 Iron Casting
53:13 Chain Mail Armor
53:33 Iron Casting
56:31 Murder Holes
66:33 Pikeman
67:13 Squires
66:58 Arson
72:48 Halberdier
82:53 Plate Mail Armor
Lord Longshaft
1:43 Loom
6:43 Loom
11:20 Feudal Age
12:46 Double-Bit Axe
13:27 Horse Collar
13:58 Gold Mining
16:44 Castle Age
14:41 Stone Mining
17:54 Bow Saw
18:06 Heavy Plow
20:15 Wheelbarrow
22:16 Stone Mining
24:37 Gold Shaft Mining
25:10 Fletching
26:42 Bodkin Arrow
27:23 Padded Archer Armor
30:29 Imperial Age
28:16 Leather Archer Armor
27:23 Crossbowman
28:54 Sanctity
28:58 Hand Cart
29:47 Ballistics
31:18 Bracer
30:40 Arbalester
31:42 Town Watch
33:12 Chemistry
32:18 Siege Engineers
33:02 Guilds
32:21 Elite Skirmisher
33:33 Ring Archer Armor
33:49 Yeomen
35:40 Herbal Medicine
37:03 Warwolf
38:23 Caravan
43:35 Two-Man Saw
47:20 Coinage
47:06 Elite Longbowman
48:17 Fortified Wall
48:17 Masonry
48:58 Treadmill Crane
60:38 Banking
60:42 Onager
60:43 Capped Ram
61:16 Sappers
62:41 Hoardings
63:09 Guard Tower
63:49 Architecture
63:05 Arrowslits
66:19 Keep
69:23 Onager
69:31 Onager
daumasson
11:06 Feudal Age
12:02 Double-Bit Axe
15:02 Castle Age
13:05 Horse Collar
18:05 Bow Saw
20:06 Wheelbarrow
19:19 Loom
23:10 Hand Cart
24:14 Town Watch
25:37 Gold Mining
25:38 Stone Mining
29:01 Imperial Age
27:25 Gold Shaft Mining
27:35 Ballistics
28:16 Heavy Plow
28:56 Squires
28:41 Arson
29:07 Scale Mail Armor
29:17 Forging
29:20 Onager
30:16 Chain Mail Armor
29:25 Halberdier
29:36 Capped Ram
30:12 Heavy Scorpion
31:59 Chemistry
32:16 Plate Mail Armor
32:21 Iron Casting
32:30 Fletching
32:38 Murder Holes
32:54 Masonry
33:25 Caravan
35:22 Blast Furnace
35:34 Siege Engineers
35:48 Torsion Engines
36:09 Conscription
37:07 Siege Ram
39:12 Bodkin Arrow
40:07 Siege Onager
FromEast
1:18 Loom
12:49 Feudal Age
16:28 Castle Age
14:49 Double-Bit Axe
20:55 Horse Collar
30:32 Imperial Age
29:21 Bow Saw
29:06 Gold Mining
30:04 Fletching
31:05 Bodkin Arrow
32:24 Chemistry
34:02 Wheelbarrow
37:52 Siege Engineers
39:47 Scale Mail Armor
39:58 Forging
40:37 Chain Mail Armor
40:18 Pikeman
41:36 Iron Casting
42:09 Two-Man Saw
41:00 Halberdier
43:06 Plate Mail Armor
43:25 Bombard Tower
43:43 Treadmill Crane
44:15 Masonry
45:47 Blast Furnace
50:09 Architecture
60:46 Caravan
79:28 Scale Barding Armor
80:25 Bloodlines
80:16 Husbandry
80:42 Chain Barding Armor
80:14 Light Cavalry
81:57 Plate Barding Armor
liang0312
0:25 Loom
13:24 Feudal Age
14:15 Double-Bit Axe
18:45 Castle Age
16:39 Horse Collar
18:12 Scale Mail Armor
18:25 Gold Mining
19:46 Bow Saw
20:06 Squires
24:34 Wheelbarrow
27:03 Heavy Plow
34:08 Imperial Age
31:20 Crossbowman
32:07 Fletching
32:53 Bodkin Arrow
34:03 Fortified Wall
34:54 Bracer
35:59 Chemistry
34:22 Arbalester
35:35 Padded Archer Armor
35:48 Thumb Ring
36:44 Ballistics
36:55 Hand Cart
37:18 Conscription
38:04 Masonry
37:42 Elite Skirmisher
38:24 Stone Mining
38:40 Hul'che Javelineers
40:01 Caravan
40:49 Leather Archer Armor
43:05 Ring Archer Armor
43:26 Hoardings
44:07 Coinage
44:32 Chain Mail Armor
44:14 Eagle Warrior
44:39 Arson
45:31 Plate Mail Armor
45:12 Forging
44:55 Elite Eagle Warrior
46:15 Holcans
47:30 Iron Casting
61:33 Crop Rotation
62:05 Two-Man Saw
62:07 Blast Furnace
67:02 Sappers
72:20 Capped Ram
73:34 Siege Ram
75:03 Banking
76:44 Guilds
Python 1.2.20
5:12 Loom
11:37 Feudal Age
15:18 Castle Age
13:35 Double-Bit Axe
13:34 Horse Collar
16:24 Bow Saw
16:50 Wheelbarrow
29:11 Imperial Age
27:34 Heavy Plow
27:38 Gold Mining
27:41 Stone Mining
28:17 Squires
27:38 Pikeman
28:56 Scale Mail Armor
29:45 Chain Mail Armor
29:41 Forging
31:08 Chemistry
29:57 Arson
31:20 Ironclad
30:26 Halberdier
31:50 Plate Mail Armor
32:19 Conscription
32:10 Fletching
32:57 Iron Casting
33:16 Hand Cart
33:14 Siege Engineers
33:21 Bodkin Arrow
36:04 Crenellations
35:53 Caravan
39:29 Coinage
39:26 Masonry
40:49 Banking
40:29 Guilds
42:30 Ballistics
45:33 Town Watch
47:06 Blast Furnace
53:18 Scale Barding Armor
65:51 Chain Barding Armor
79:49 Capped Ram
星空夜羽
0:48 Loom
13:28 Feudal Age
17:10 Castle Age
15:09 Double-Bit Axe
16:07 Horse Collar
18:40 Wheelbarrow
27:48 Imperial Age
26:23 Bow Saw
27:00 Gold Mining
28:32 Gold Shaft Mining
28:42 Sanctity
29:36 Redemption
29:58 Block Printing
30:45 Theocracy
31:01 Illumination
31:48 Fervor
35:05 Coinage
35:53 Caravan
41:58 Conscription
41:33 Fletching
42:11 Bodkin Arrow
42:23 Paiks
42:32 Padded Archer Armor
42:46 Bracer
42:52 Stone Mining
44:10 Ballistics
43:32 Treadmill Crane
44:04 Husbandry
44:15 Bloodlines
43:26 Elite Skirmisher
43:26 Elite Elephant Archer
45:54 Chemistry
45:18 Leather Archer Armor
45:46 Banking
45:15 Treadmill Crane
45:56 Guilds
47:56 Town Watch
48:27 Hand Cart
52:36 Ring Archer Armor
51:37 Elite Skirmisher
55:07 Mahayana
54:41 Siege Elephant
56:57 Scale Barding Armor
65:43 Two-Man Saw
79:28 Chain Barding Armor
79:19 Forging
80:43 Plate Barding Armor
80:44 Iron Casting
TATTOO
1:14 Loom
12:45 Feudal Age
13:36 Double-Bit Axe
16:34 Castle Age
15:00 Horse Collar
18:37 Bow Saw
23:06 Town Watch
24:58 Wheelbarrow
25:03 Heavy Plow
27:45 Gold Mining
27:45 Stone Mining
31:02 Imperial Age
28:59 Husbandry
29:50 Bloodlines
29:49 Scale Barding Armor
29:55 Forging
30:11 Hand Cart
31:22 Chain Barding Armor
32:08 Stone Shaft Mining
32:18 Plate Barding Armor
32:58 Crop Rotation
32:53 Conscription
35:14 Chemistry
34:35 Ballistics
35:04 Caravan
34:38 Onager
35:28 Siege Engineers
35:59 Siege Onager
38:23 Iron Casting
37:09 Elite Konnik
40:00 Light Cavalry
41:47 Blast Furnace
41:12 Hussar
44:40 Cavalier
45:21 Scale Mail Armor
45:21 Padded Archer Armor
45:12 Fletching
46:29 Ballistics
45:56 Gambesons
46:12 Squires
45:57 Arson
46:44 Chain Mail Armor
46:24 Bodkin Arrow
46:45 Leather Archer Armor
47:42 Plate Mail Armor
47:19 Cavalier
49:14 Bracer
52:06 Murder Holes
52:02 Guard Tower
52:23 Masonry
52:57 Arson
53:27 Town Patrol
52:50 Pikeman
55:02 Architecture
55:07 Keep
57:08 Halberdier
79:17 Capped Ram
80:44 Siege Ram
Connection lost

Rejoining the realm…

Still unreachable

The connection could not be restored.

Session expired

The server has moved on; the page needs a fresh start.